 Dungeon Crawl Stone Soup version 0.28-a0-1087-gf3fc490d9d (webtiles) character file.

Game seed: 11790529477313240185

18151 Armakuni the Destroyer (level 12, -15/74 HPs)
             Began as a Human Fire Elementalist on Dec 10, 2021.
             Was a Priest of Vehumet.
             Killed from afar by a bog body (36 damage)
             ... with a bolt of cold
             ... on level 3 of the Lair of Beasts.
             The game lasted 00:40:03 (14808 turns).

Armakuni the Destroyer (Human Fire Elementalist)   Turns: 14808, Time: 00:40:04

Health: -15/74     AC: 12    Str: 15    XL:     12   Next: 91%
Magic:  27/27      EV: 12    Int: 15    God:    Vehumet [***...]
Gold:   511        SH:  0    Dex: 15    Spells: 16/33 levels left

rFire   . . .      SeeInvis .   a - +4 dire flail (protect)
rCold   . . .      Faith    .   (shield currently unavailable)
rNeg    . . .      Spirit   .   x - +1 steam dragon scales
rPois   .          Reflect  .   (no helmet)
rElec   +          Harm     .   q - +1 cloak
rCorr   +          Rampage  .   h - +0 pair of gloves
Will    .....                   f - +2 pair of boots
Stlth   ++........              M - amulet of magic regeneration
HPRegen 0.22/turn               E - ring "Galofo" {rElec rCorr Str+2 Slay+2}
MPRegen 0.60/turn               (no ring)

@: no status effects
A: no striking features
a: Renounce Religion


You were on level 3 of the Lair of Beasts.
You worshipped Vehumet.
Vehumet was most pleased with you.
You visited 3 branches of the dungeon, and saw 14 of its levels.

You collected 656 gold pieces.
You spent 145 gold pieces at shops.

Inventory:

Hand Weapons
 a - a +4 dire flail of protection (weapon)
 b - a -3 demon whip
Missiles
 j - a throwing net
Armour
 f - a +2 pair of boots (worn)
 h - a +0 pair of gloves (worn)
 q - a +1 cloak (worn)
 x - +1 steam dragon scales (worn)
Jewellery
 E - the ring "Galofo" (left hand) {rElec rCorr Str+2 Slay+2}
   (You found it on level 5 of the Dungeon)

   [ring of resist corrosion]

   Str:       It affects your strength (+2).
   Slay:      It affects your accuracy & damage with ranged weapons and melee
   (+2).
   rElec:     It insulates you from electricity.
   rCorr:     It protects you from acid and corrosion.
 M - an amulet of magic regeneration (around neck)
Wands
 p - a wand of polymorph (7)
 v - a wand of flame (21)
Scrolls
 d - 2 scrolls of fog
 k - 2 scrolls of enchant armour
 m - 6 scrolls of teleportation
 r - a scroll of summoning
 t - a scroll of fear
 w - 2 scrolls of immolation
Potions
 c - a potion of resistance
 e - 2 potions of curing
 g - a potion of invisibility
 i - a potion of flight
 l - a potion of ambrosia {unknown}
 n - a potion of attraction {unknown}
 o - 3 potions of might {unknown}
 s - a potion of brilliance {unknown}
 u - a potion of mutation {unknown}
 y - a potion of heal wounds {unknown}


   Skills:
 - Level 2.0 Dodging
 - Level 2.0 Stealth
 + Level 11.2 Spellcasting
 + Level 11.9 Conjurations
 + Level 11.9 Fire Magic


You had 16 spell levels left.
You knew the following spells:

 Your Spells              Type           Power      Damage    Failure   Level
a - Foxfire               Conj/Fire      100%       2x1d9     1%          1
b - Starburst             Conj/Fire      22%        6d7       2%          6
m - Iskenderun's Mystic   Conj/Tloc      26%        2d7       2%          4
s - Scorch                Fire           88%        2d9       1%          2
w - Flame Wave            Conj/Fire      44%        2d8       1%          4

Your spell library contained the following spells:

 Spells                   Type           Power      Damage    Failure   Level
 Searing Ray              Conj           88%        2d7       1%          2
 Magic Dart               Conj           100%       1d8       1%          1
 Conjure Flame            Conj/Fire      44%        6-21      1%          3
 Dazzling Flash           Conj/Hex       52%        N/A       1%          3
 Inner Flame              Hex/Fire       26%        N/A       1%          3
 Mephitic Cloud           Conj/Pois/Air  20%        N/A       1%          3
 Poisonous Vapours        Pois/Air       16%        N/A       3%          2
 Irradiate                Conj/Tmut      13%        3d18      5%          5
 Frozen Ramparts          Ice            16%        1d3       7%          3
 Slow                     Hex            32%        N/A       9%          1
 Sting                    Tmut/Pois      32%        1d4       9%          1
 Call Imp                 Summ           8%         N/A       13%         2
 Corpse Rot               Necr/Air       16%        N/A       13%         2
 Passwall                 Tmut/Erth      6%         N/A       13%         2
 Sublimation of Blood     Necr           8%         N/A       13%         2
 Olgreb's Toxic Radiance  Pois           8%         N/A       22%         4
 Confusing Touch          Hex            8%         N/A       26%         3
 Swiftness                Air            8%         N/A       26%         3
 Vampiric Draining        Necr           8%         2d6       26%         3
 Cause Fear               Hex            4%         N/A       65%         4
 Ice Form                 Ice/Tmut       8%         N/A       65%         4
 Petrify                  Tmut/Erth      8%         N/A       65%         4
 Summon Ice Beast         Ice/Summ       8%         N/A       65%         4
 Summon Lightning Spire   Summ/Air       8%         N/A       65%         4
 Blade Hands              Tmut           4%         N/A       94%         5
 Dragon Form              Tmut           4%         N/A       100%        7
 Storm Form               Tmut/Air       4%         N/A       100%        7
 Maxwell's Capacitive Co  Air            4%         ∞         100%        8
 Dragon's Call            Summ           4%         N/A       100%        9


Dungeon Overview and Level Annotations

Branches:
Dungeon (10/15)            Temple (1/1) D:6            Lair (3/6) D:9
  Swamp: Lair:2-4    Shoals: Lair:2-4     Snake: Lair:2-4    Spider: Lair:2-4
    Orc: D:9-12

Altars:
Cheibriados
Dithmenos
Elyvilon
Fedhas
Gozag
Hepliaklqana
Kikubaaqudgha
Makhleb
Nemelex Xobeh
Okawaru
Qazlal
Ru
Sif Muna
Trog
Uskayaw
Vehumet
Wu Jian
Xom
Yredelemnul
Zin
The Shining One
Jiyva

Shops:
D:2 *   D:4 *   D:6 *   D:8 [

Annotations:
D:4 2 transporters, rigao's ghost, amateur FeAE
Lair:1 2 transporters
Lair:3 Snorg


Message History

You kill the blink frog!
Vehumet accepts your kill.
You feel your power returning.
You finish channelling waves of flame.
The blink frog blinks!
Casting: Flame Wave (safe; 1% risk of failure)
Confirm with . or Enter, or press ? or * to list all spells.
You can't see any susceptible monsters within range! (Use Z to cast anyway.)
You see here a wand of flame (10).
v - a wand of flame (21) (gained 10 charges)
Casting: Flame Wave (safe; 1% risk of failure)
Confirm with . or Enter, or press ? or * to list all spells.
Flames lash the blink frog.
The blink frog is heavily wounded.
The blink frog's fire resistance burns away.
Casting: Scorch (safe; 1% risk of failure)
Confirm with . or Enter, or press ? or * to list all spells.
Flames lash the blink frog.
The blink frog is burned terribly!
The blink frog is heavily wounded.
The blink frog hits you!
The blink frog blinks!
Casting: Foxfire (safe; 1% risk of failure)
Press: ? - help, Q - select action, (/) - cycle Dir - look around, f - activate You conjure some foxfire!
Casting: Foxfire (safe; 1% risk of failure)
Confirm with . or Enter, or press ? or * to list all spells.
Flames lash the blink frog.
The blink frog is burned terribly!
The blink frog is almost dead.
The blink frog is no longer more vulnerable to fire.
The foxfire hits the blink frog!
You kill the blink frog!
Vehumet accepts your kill.
You feel your power returning.
A bog body comes into view.
Your foxfire dissipates!
The bog body gestures at you while chanting.
The bolt of cold hits you!!
* * * LOW HITPOINT WARNING * * *
A bog body comes into view.
The bog body points at you and mumbles some strange words.
The bolt of cold hits you!!!
You die...

n..# ....# .....##
....... ...P...###
.........## ##
....>.....##.#
....n.!.@...#
............###
..........(.†.###
..........)..<..#
..........###.(..#
..........#
#........
.......$.##
#........
.........#
...$..... .....#.
.........


You could see a bog body.

Vanquished Creatures
  2 hydras (Lair:1)
  A two-headed ogre (D:8)
  4 elephants
  4 cane toads
  Maggie (D:8)
  A rime drake (Lair:1)
  An efreet (D:10)
  5 komodo dragons
  A troll (D:9)
  13 blink frogs
  2 slime creatures
  21 yaks
  3 wyverns
  Eustachio (D:5)
  2 basilisks (Lair:1)
  A steam dragon (D:9)
  A vampire mosquito (D:10)
  7 water moccasins
  4 orc warriors
  A sky beast (D:6)
  2 black bears
  An ice beast (D:8)
  A boggart (shapeshifter) (D:10)
  2 centaurs (D:9)
  7 wolves
  3 ogres
  A phantom (D:6)
  A kobold brigand (D:7)
  3 scorpions
  8 bullfrogs
  A wyvern zombie (D:8)
  4 wights (D:8)
  2 electric eels (D:9)
  2 bullfrog zombies
  2 centaur skeletons (D:7)
  A centaur zombie (D:6)
  A hound (D:6)
  A bullfrog skeleton (D:7)
  9 jellies
  5 orc wizards
  An iguana (D:6)
  2 hound skeletons (D:5)
  A howler monkey zombie (D:8)
  9 gnolls
  A howler monkey skeleton (D:6)
  5 adders
  A shadow imp (D:6)
  2 white imps
  2 worms
  A dart slug (D:1)
  16 orcs
  6 bats
  25 endoplasms
  4 giant cockroaches
  11 goblins
  8 hobgoblins
  2 jackals (D:2)
  4 quokkas
  10 ball pythons
  3 frilled lizards
  11 kobolds
  4 rats
262 creatures vanquished.

Vanquished Creatures (collateral kills)
  3 foxfires
3 creatures vanquished.

Vanquished Creatures (others)
  2 demonic plants (D:3)
  313 foxfires
  16 fungi
  10 plants
341 creatures vanquished.

Grand Total: 606 creatures vanquished

Notes
Turn   | Place    | Note
-------+----------+-------------------------------------------
     0 | D:1      | Armakuni the Human Fire Elementalist began the quest for
                  | the Orb.
     0 | D:1      | Reached XP level 1. HP: 13/13 MP: 3/3
   171 | D:1      | Found a viscous altar of Jiyva.
   171 | D:1      | Noticed a jelly
   171 | D:1      | Noticed a jelly
   171 | D:1      | Noticed a jelly
   171 | D:1      | Noticed a jelly
   175 | D:1      | Noticed a jelly
   319 | D:1      | Reached XP level 2. HP: 19/19 MP: 1/5
   373 | D:1      | Learned a level 2 spell: Scorch
   918 | D:1      | Reached XP level 3. HP: 24/24 MP: 2/6
  1841 | D:2      | Found an ornate altar of the Wu Jian Council.
  1882 | D:2      | Reached XP level 4. HP: 30/30 MP: 5/7
  2223 | D:2      | Found Ceifrung's General Store.
  2229 | D:2      | Learned a level 4 spell: Flame Wave
  2933 | D:3      | Found a faded altar of an unknown god.
  2933 | D:3      | Noticed a chaos spawn
  3100 | D:3      | Found a hide-covered altar of Uskayaw.
  3107 | D:3      | Reached XP level 5. HP: 35/35 MP: 5/9
  3480 | D:4      | Found a transporter.
  3490 | D:4      | Noticed a water moccasin
  3492 | D:4      | Noticed rigao's ghost (amateur FeAE)
  3544 | D:4      | Found a transporter.
  3630 | D:4      | Found Huacs's Assorted Antiques.
  3638 | D:4      | Bought a scroll labelled CUUSOJ GEAHEI for 30 gold pieces
  3638 | D:4      | Bought a scroll labelled LOSUF DYALO for 30 gold pieces
  3638 | D:4      | Bought a scroll labelled EKKEHU BUXEMP for 30 gold pieces
  3638 | D:4      | Bought a blue potion for 27 gold pieces
  3638 | D:4      | Bought a smoky white potion for 27 gold pieces
  4076 | D:4      | Noticed an ogre
  4176 | D:4      | Killed an ogre
  4177 | D:4      | Reached XP level 6. HP: 41/41 MP: 8/11
  4232 | D:5      | Entered Level 5 of the Dungeon
  4286 | D:5      | Noticed an ogre
  4352 | D:4      | Learned a level 4 spell: Iskenderun's Mystic Blast
  4509 | D:5      | Identified the ring "Galofo" {rElec rCorr Str+2 Slay+2}
  4562 | D:5      | Killed an ogre
  4563 | D:5      | Reached XP level 7. HP: 46/46 MP: 10/13
  4590 | D:5      | Found an opulent altar of Gozag.
  4601 | D:5      | Reached skill level 5 in Fire Magic
  4626 | D:5      | Noticed Eustachio
  4678 | D:5      | Killed Eustachio
  4957 | D:5      | Reached XP level 8. HP: 52/52 MP: 12/15
  5151 | D:6      | Reached skill level 5 in Spellcasting
  5151 | D:6      | Reached skill level 5 in Conjurations
  5606 | D:6      | Found a staircase to the Ecumenical Temple.
  5614 | Temple   | Entered the Ecumenical Temple
  5850 | Temple   | Became a worshipper of Vehumet
  5924 | D:6      | Found a shimmering altar of Xom.
  5938 | D:6      | Found Sumag's Lightly-Used Armoury.
  5946 | D:6      | Bought a -3 demon whip for 1 gold piece
  6156 | D:6      | Reached XP level 9. HP: 47/57 MP: 13/17
  6285 | D:6      | Noticed a slime creature
  6293 | D:6      | Killed a slime creature
  6312 | D:6      | Reached * piety under Vehumet
  6312 | D:6      | Offered knowledge of Sandblast by Vehumet.
  6889 | D:7      | Found a burning altar of Makhleb.
  6992 | D:7      | Found a sacrificial altar of Ru.
  7393 | D:6      | Reached XP level 10. HP: 28/63 MP: 12/20
  7899 | D:8      | Learned a level 6 spell: Starburst
  7930 | D:8      | Noticed a two-headed ogre
  7958 | D:8      | Killed a two-headed ogre
  8607 | D:8      | Noticed Maggie
  8654 | D:8      | Killed Maggie
  8892 | D:8      | Found Uzxacu's Antique Armour Shop.
  9851 | D:9      | Found an iron altar of Okawaru.
  9894 | D:9      | Reached XP level 11. HP: 50/68 MP: 11/23
 10258 | D:9      | Found a staircase to the Lair.
 10755 | D:10     | Entered Level 10 of the Dungeon
 10826 | D:10     | Reached skill level 10 in Fire Magic
 10828 | D:10     | Noticed an orc knight
 10830 | D:10     | Identified the +4 broad axe of Recklessness {vorpal, Str+3
                  | Stlth+}
 11163 | Lair:1   | Entered Level 1 of the Lair of Beasts
 11276 | Lair:1   | Reached skill level 10 in Conjurations
 11417 | Lair:1   | Found a transporter.
 11417 | Lair:1   | Found a transporter.
 11417 | Lair:1   | Noticed a boulder beetle
 11449 | D:9      | Reached ** piety under Vehumet
 11620 | Lair:1   | Offered knowledge of Static Discharge by Vehumet.
 11621 | Lair:1   | Reached skill level 10 in Spellcasting
 11778 | Lair:1   | Noticed a four-headed hydra
 11791 | Lair:1   | Killed a four-headed hydra
 12216 | Lair:1   | Noticed a seven-headed hydra
 12234 | Lair:1   | Killed a seven-headed hydra
 12235 | Lair:1   | Reached XP level 12. HP: 54/74 MP: 0/26
 12914 | Lair:1   | You fall into a shaft and drop 1 floor!
 14051 | Lair:2   | Offered knowledge of Searing Ray by Vehumet.
 14676 | Lair:3   | Noticed Snorg
 14683 | Lair:2   | Reached *** piety under Vehumet
 14808 | Lair:3   | Killed from afar by a bog body

Illustrated notes

Levels and vault maps discovered:
D:1:      erik_arrival_cave_to_civilisation [erik_arrival_cave_to_temple],
          layout_basic, serial_corexii_hall, chequers_hall_statues_y,
          corexii_hall_statues_x, hangedman_decor_opposing,
          lemuel_another_geyser
D:2:      layout_loops_cross, serial_shops, shop, basic_altar
D:3:      layout_loops_cross, nicolae_overflow_crystal_walls,
          dreamdust_ecumenical_altar_sealed_demon
D:4:      layout_basic, serial_shops, nicolae_shop_overgrown_old_shop,
          gammafunk_ghost_arena, chequers_serial_rivers_micro_c,
          minmay_ogre_servants
D:5:      layout_basic, nicolae_gozag_cash_rules_everything_around_me,
          uniq_eustachio
D:6:      lemuel_slime, layout_basic, xom_teletrap_fun,
          minmay_temple_entry_slanted, st_stairs_14, minmay_shop_damaged
D:7:      layout_loops_ring, nicolae_ru_sacrificial_ziggurat,
          mainiacjoe_overflow_six_doors_small, hex_tiny, grunt_ministairs_15
D:8:      layout_loops_ring, serial_shops, nicolae_diamond_shop, serial_glass,
          glass_columns_b, glass_columns_b, glass_columns_b, uniq_maggie
D:9:      layout_basic, mainiacjoe_overflow_cross_hatched, dpeg_oklobed_lair
D:10:     minmay_the_grid_triangle_9x9_recursive_2
          [minmay_the_grid_triangle_9x9_prize_insulated,
          minmay_the_grid_triangle_9x9_skeleton,
          minmay_the_grid_triangle_9x9_from_above,
          minmay_the_grid_triangle_9x9_intruding_spiral], layout_basic,
          cheibrodos_ashenzari_chains, kennysheep_donut
Temple:   regret_index_temple_generic_petals
Lair:1:   gammafunk_boulding_lane, layout_long_grid, grunt_megastairs_4
Lair:2:   layout_small_grid
Lair:3:   layout_cave_pods, skrybe_swamp_entry_bodies, serial_bayou_pond_e,
          uniq_urug, uniq_rupert, uniq_snorg

Skill      XL: |  1  2  3  4  5  6  7  8  9 10 11 12 |
---------------+-------------------------------------+-----
Conjurations   | 2 3 4 6 7 9 10 11 | 11.9
Spellcasting   | 3 4 5 7 8 10 11 | 11.2
Fire Magic     | 4 5 6 8 9 10 11 | 11.9
Dodging        | |  2.0
Stealth        | |  2.0

Action                   |  1- 3 |  4- 6 |  7- 9 | 10-12 || total
-------------------------+-------+-------+-------+-------++-------
Melee: Unarmed           |     1 |       |       |       ||     1
       Dagger            |    11 |    13 |       |       ||    24
       Quarterstaff      |       |     9 |    39 |    13 ||    61
       Dire flail        |       |       |       |    22 ||    22
 Cast: Foxfire           |    28 |    24 |    39 |    89 ||   180
       Scorch            |     8 |    50 |    92 |   235 ||   385
       Flame Wave        |       |       |     3 |    19 ||    22
       Iskenderun's Myst |       |       |       |    42 ||    42
       Starburst         |       |       |       |     2 ||     2
Evoke: Wand              |       |       |     7 |    16 ||    23
  Use: Scroll            |       |    10 |     3 |     5 ||    18
 Stab: Sleeping          |     3 |     1 |       |       ||     4
       Paralysed         |       |       |       |     9 ||     9
Armor: Robe              |     9 |    12 |    47 |       ||    68
       Steam dragon scal |       |       |       |    98 ||    98
Dodge: Dodged            |    18 |    27 |    77 |   154 ||   276

Table legend: (Time is in decaauts)
 A = Elapsed time spent in this place.
 B = Non-inter-level travel time spent in this place.
 C = Inter-level travel time spent in this place.
 D = Time resting spent in this place.
 E = Time spent auto-exploring this place.
 F = Levels seen in this place.
 G = Mean time per level.
                   A        B        C        D        E       F      G
               +--------+--------+--------+--------+--------+-----+--------+
         Total |  14842 |  14347 |    495 |   3552 |   8249 |  14 | 1060.1 |
       Dungeon |  11099 |  10718 |    381 |   2366 |   6429 |  10 | 1109.9 |
        Temple |    254 |    237 |     17 |      0 |    220 |   1 |  254.0 |
          Lair |   3488 |   3391 |     97 |   1186 |   1600 |   3 | 1162.7 |
               +--------+--------+--------+--------+--------+-----+--------+

Top non-repeatable levels by time:
  Lair:1: 2266 daAuts
     D:1: 1713 daAuts
     D:9: 1605 daAuts
     D:8: 1533 daAuts
     D:7: 1362 daAuts
  Lair:2: 1176 daAuts
     D:6: 1172 daAuts
     D:5: 1053 daAuts
     D:2: 940 daAuts
     D:4: 880 daAuts
     D:3: 746 daAuts
  Temple: 254 daAuts
    D:10: 92 daAuts
  Lair:3: 45 daAuts
